AoeStats
← Drballer

Marketplace

503979139Analyzed
1v1 RM · 1mo ago on Sep 3, 2026· 58m 37s· 2 players
Game mode
Random Map
Map size
Tiny (2 player)
Population
200
Speed
Normal
Resources
Standard
Victory
Conquest
Starting age
Dark Age
Ending age
Imperial Age
RankedLock teamsTeams togetherTeam positionsShared explorationLock speedFull tech treeHidden civsTurbo modeCheats
Victory
Defeat
🇫🇷 Burgundians · France
721
+19
🇦🇷 Tatars · Argentina
798
-29
Drballer
11:00 Feudal Age
9:26 Loom
12:09 Double-Bit Axe
15:16 Gold Mining
15:44 Town Watch
20:30 Castle Age
22:46 Fletching
22:59 Scale Mail Armor
22:57 Horse Collar
24:03 Stone Mining
24:26 Bow Saw
27:31 Wheelbarrow
27:46 Gold Shaft Mining
27:26 Elite Skirmisher
28:08 Padded Archer Armor
28:04 Bodkin Arrow
28:41 Forging
27:56 Pikeman
28:36 Squires
33:06 Iron Casting
32:32 Padded Archer Armor
33:20 Heavy Plow
34:37 Hand Cart
35:13 Silk Armor
35:10 Bodkin Arrow
35:30 Leather Archer Armor
37:40 Scale Barding Armor
42:01 Imperial Age
40:24 Town Patrol
41:29 Masonry
41:01 Treadmill Crane
42:46 Chain Barding Armor
42:15 Halberdier
43:58 Blast Furnace
46:42 Crop Rotation
46:16 Bracer
46:47 Ring Archer Armor
48:24 Fervor
57:41 Ballistics
Scooby Jew
8:40 Loom
11:07 Feudal Age
9:41 Double-Bit Axe
16:04 Castle Age
16:23 Bow Saw
16:09 Gold Mining
16:11 Horse Collar
23:33 Scale Barding Armor
23:01 Light Cavalry
24:01 Husbandry
26:04 Chain Barding Armor
25:40 Cavalier
30:36 Two-Man Saw
30:14 Gold Shaft Mining
29:46 Scale Mail Armor
31:10 Heavy Plow
34:19 Imperial Age
32:30 Forging
34:38 Burgundian Vineyards
35:16 Crop Rotation
34:39 Stone Mining
35:34 Iron Casting
35:35 Plate Barding Armor
35:01 Padded Archer Armor
34:52 Fletching
35:15 Paladin
37:54 Wheelbarrow
38:58 Chemistry
38:08 Fortified Wall
38:19 Ballistics
37:56 Murder Holes
38:36 Elite Coustillier
39:38 Caravan
41:15 Hoardings
41:12 Leather Archer Armor
45:01 Bodkin Arrow
45:21 Chain Mail Armor
46:07 Blast Furnace
46:39 Conscription
50:09 Masonry
49:40 Treadmill Crane
52:44 Plate Mail Armor
52:14 Bracer
52:49 Bombard Tower
52:15 Arrowslits
52:22 Guard Tower
55:16 Hand Cart
Connection lost

Rejoining the realm…

Still unreachable

The connection could not be restored.

Session expired

The server has moved on; the page needs a fresh start.